 Dungeon Crawl Stone Soup version 0.17-a0-1646-geb1493d (webtiles) character file.

20 poirepourri the Skirmisher (level 3, 0/30 HPs)
             Began as a Formicid Abyssal Knight on Aug 10, 2015.
             Was a Follower of Lugonu.
             Slain by a kobold
             ... wielding a +3 short sword
              (2 damage)
             ... on level 1 of the Dungeon.
             The game lasted 00:02:30 (783 turns).

poirepourri the Skirmisher (Formicid Abyssal Knight) Turns: 783, Time: 00:02:30

Health: 0/30       AC:  3    Str: 17    XL:     3   Next: 0%
Magic:  4/4        EV: 11    Int: 11    God:    Lugonu [*.....]
Gold:   7          SH:  0    Dex: 10    Spells: 0 memorised, 2 levels left

rFire  . . .     SeeInvis +     a - +1 hand axe
rCold  . . .     Clarity  .     b - +0 leather armour
rNeg   . . .     SustAt   .     (no shield)
rPois  .         Gourm    .     (helmet unavailable)
rElec  .         Spirit   .     (no cloak)
rCorr  .         Warding  .     (no gloves)
rMut   .         Stasis   +     (no boots)
MR     .....                    (no amulet)
Stlth  +.........               (no ring)
                                (no ring)

@: not resistant to hostile enchantments, very unstealthy
A: permanent stasis, dig shafts and tunnels, four strong arms, antennae 3
a: Dig, Shaft Self, Depart the Abyss, Renounce Religion


You were on level 1 of the Dungeon.
You worshipped Lugonu.
Lugonu was aware of your devotion.
You were not hungry.

You visited 1 branch of the dungeon, and saw 1 of its levels.
You visited the Abyss 1 time.

You collected 7 gold pieces.

Inventory:

Hand weapons
 a - a +1 hand axe (weapon)
Armour
 b - a +0 leather armour (worn)
Scrolls
 d - a scroll of enchant armour {unknown}
Potions
 g - 2 potions of curing
Comestibles
 c - a bread ration


   Skills:
 + Level 3.8 Fighting
 + Level 2.1 Axes
 + Level 2.4 Armour
 + Level 1.1 Dodging
 + Level 2.5 Invocations


You had 2 spell levels left.
You didn't know any spells.

Dungeon Overview and Level Annotations

Branches:
Dungeon (1/15)

Altars:


Innate Abilities, Weirdness & Mutations

You are under a permanent stasis effect.
You can dig through walls and to a lower floor.
Your four strong arms can wield two-handed weapons with a shield.
You have a pair of large antennae on your head (SInv).


Message History

You closely miss the kobold.
The kobold is almost dead.
The kobold hits you with an enchanted short sword.
A kobold is nearby!
A kobold is nearby!
You closely miss the kobold.
The kobold is almost dead.
The kobold hits you with an enchanted short sword. x2
You hit the kobold but do no damage.
The kobold is almost dead.
The kobold hits you with an enchanted short sword.
* * * LOW HITPOINT WARNING * * *
You closely miss the kobold.
The kobold is almost dead.
The kobold hits you with an enchanted short sword.
* * * LOW HITPOINT WARNING * * *
You closely miss the kobold.
The kobold is almost dead.
The kobold hits you with an enchanted short sword.
You die...

.........# #######.#####...#
.........# ####.# #...#
.........# #....# #...#
.........########.######*#...####
##>.....................,........
........###.....#.....,,,..##....
........###,#.......#*,,,.>##....
........'.#.#....$..#*,,,,,*#.[..
........#.#....K@†..#*,,,,,*#....
........#.#.####....#**+****#....
........#.#######..#....# #....
........#...†......+....# #....
........############,..## #....
.(......###########*,..# ###....
..................#*,,.# #......
..................#*#######.#####
..#####...........###8###8#.#


You could see a kobold.

Vanquished Creatures
  A giant gecko (D:1)
  4 bats (D:1)
  A goblin (D:1)
  3 hobgoblins (D:1)
  4 jackals (D:1)
  2 giant newts (D:1)
  A kobold (D:1)
  2 rats (D:1)
18 creatures vanquished.

Notes
Turn   | Place    | Note
--------------------------------------------------------------
     0 | Abyss:1  | poirepourri the Formicid Abyssal Knight began the quest for the Orb.
     0 | Abyss:1  | Reached XP level 1. HP: 18/18 MP: 2/2
     1 | D:1      | Escaped the Abyss
   152 | D:1      | Reached XP level 2. HP: 16/24 MP: 3/3
   536 | D:1      | Reached skill level 1 in Dodging
   564 | D:1      | Acquired Lugonu's first power
   770 | D:1      | Reached XP level 3. HP: 21/30 MP: 4/4
   783 | D:1      | Slain by a kobold

Vault maps used:
D:1:      dpeg_arrival_rhombi, serial_corexii_hall, corexii_hall_statues_l,
          corexii_hall_statues_u
Abyss:1:  hangedman_abyss_sting

Action                   || total
-------------------------++-------
Melee: Hand axe          ||    68
Invok: Depart the Abyss  ||     1
  Use: Scroll            ||     3
       Potion            ||     3
